AoeStats
← stinaj90

Fortress

509676787Analyzed
3v3 RM · 6d ago on Sep 27, 2026· 45m 58s· 6 players
Game mode
Random Map
Map size
Large (8 player)
Population
200
Speed
Normal
Resources
Standard
Victory
Conquest
Starting age
Dark Age
Ending age
Imperial Age
RankedLock teamsTeams togetherTeam positionsShared explorationLock speedFull tech treeHidden civsTurbo modeCheats
Victory
Defeat
🇵🇱 Cumans · Poland
1171
+13
🇵🇹 Teutons · Portugal
1167
+13
🇺🇸 Magyars · United States
1070
+18
🇩🇪 Goths · Germany
1118
-15
🇩🇪 Magyars · Germany
1107
-15
🇸🇪 Inca · Sweden
1090
-14
Covid19
7:47 Feudal Age
11:42 Castle Age
10:35 Double-Bit Axe
13:30 Horse Collar
16:59 Bow Saw
17:42 Loom
18:12 Heavy Plow
20:47 Fletching
21:34 Bodkin Arrow
23:18 Wheelbarrow
25:20 Hand Cart
25:39 Gold Mining
stinaj90
8:00 Feudal Age
11:55 Castle Age
11:02 Fletching
11:48 Double-Bit Axe
13:52 Bow Saw
15:51 Horse Collar
20:03 Scale Mail Armor
21:06 Squires
22:17 Bodkin Arrow
24:41 Forging
26:21 Wheelbarrow
26:24 Padded Archer Armor
25:46 Elite Skirmisher
25:54 Pikeman
27:10 Heavy Plow
28:14 Ballistics
28:42 Murder Holes
29:32 Iron Casting
32:53 Imperial Age
30:40 Hand Cart
30:30 Town Watch
30:38 Stone Mining
30:39 Gold Mining
31:27 Andean Sling
31:53 Treadmill Crane
32:30 Leather Archer Armor
32:30 Chain Mail Armor
32:57 Fortified Wall
34:03 Gold Mining
35:16 Blast Furnace
34:17 Bracer
34:41 Conscription
35:40 Plate Mail Armor
36:32 Ring Archer Armor
37:03 Chemistry
36:02 Loom
36:30 Town Patrol
38:55 Gold Shaft Mining
38:55 Stone Shaft Mining
38:50 Masonry
39:58 Halberdier
Event 201
4:19 Loom
11:41 Feudal Age
15:17 Double-Bit Axe
15:14 Horse Collar
19:03 Castle Age
24:42 Wheelbarrow
26:38 Scale Mail Armor
26:49 Forging
27:32 Hand Cart
27:52 Town Watch
28:43 Gold Mining
29:01 Squires
29:33 Town Patrol
29:11 Pikeman
34:26 Imperial Age
33:44 Iron Casting
33:25 Chain Mail Armor
33:13 Anarchy
41:29 Perfusion
43:09 Ballistics
44:10 Chain Mail Armor
WaAzZaA
7:25 Feudal Age
8:11 Double-Bit Axe
8:08 Horse Collar
13:35 Castle Age
13:12 Gold Mining
14:48 Scale Mail Armor
14:43 Arson
19:45 Chain Mail Armor
21:33 Wheelbarrow
26:07 Forging
27:36 Iron Casting
30:15 Imperial Age
28:23 Bloodlines
28:38 Scale Barding Armor
29:42 Hand Cart
29:35 Heavy Plow
29:36 Stone Mining
30:11 Chain Barding Armor
31:22 Conscription
31:27 Cavalier
33:18 Town Watch
33:44 Bow Saw
33:38 Paladin
34:31 Elite Teutonic Knight
38:03 Blast Furnace
37:38 Plate Barding Armor
39:32 Plate Barding Armor
39:06 Fletching
39:46 Plate Mail Armor
40:24 Crop Rotation
40:22 Crenellations
40:37 Hoardings
40:23 Ironclad
ShadedKnight
8:10 Feudal Age
9:47 Loom
9:52 Double-Bit Axe
12:43 Castle Age
10:28 Horse Collar
12:29 Gold Mining
13:51 Bow Saw
14:02 Fletching
16:13 Heavy Plow
17:44 Wheelbarrow
17:55 Stone Mining
18:08 Padded Archer Armor
23:19 Corvinian Army
23:59 Ballistics
23:20 Treadmill Crane
23:55 Bodkin Arrow
25:03 Scale Barding Armor
25:14 Leather Archer Armor
31:14 Imperial Age
30:22 Thumb Ring
32:16 Conscription
31:57 Recurve Bow
32:22 Hand Cart
31:55 Town Watch
32:37 Chain Barding Armor
32:21 Bracer
32:54 Heavy Cavalry Archer
34:12 Parthian Tactics
35:08 Ring Archer Armor
35:00 Chain Barding Armor
34:55 Murder Holes
36:38 Chemistry
36:42 Elite Magyar Huszar
39:43 Husbandry
39:55 Bloodlines
41:27 Light Cavalry
43:05 Hussar
kontakt
7:35 Feudal Age
8:23 Double-Bit Axe
14:18 Castle Age
12:49 Horse Collar
14:06 Loom
16:42 Fletching
16:58 Gold Mining
20:02 Bloodlines
20:58 Forging
23:02 Scale Barding Armor
25:48 Bodkin Arrow
25:44 Capped Ram
29:34 Iron Casting
29:19 Chain Barding Armor
29:32 Bow Saw
29:31 Heavy Plow
31:36 Steppe Husbandry
34:45 Murder Holes
35:49 Ballistics
36:37 Padded Archer Armor
37:57 Scale Mail Armor
41:22 Imperial Age
39:29 Wheelbarrow
38:40 Town Watch
40:38 Masonry
41:30 Leather Archer Armor
41:36 Elite Kipchak
42:56 Elite Steppe Lancer
44:46 Blast Furnace
44:29 Plate Barding Armor
Connection lost

Rejoining the realm…

Still unreachable

The connection could not be restored.

Session expired

The server has moved on; the page needs a fresh start.